Map: Oxide LE

Players

Dark - Winner!

  • Race: Zerg Zerg

MaxPax

  • Race: Protoss Protoss
  • League: Master

Event: ASUS ROG Fall 2021

VOD

Have the link to the VOD?

Description

Time

  • Played on: Sept. 18, 2021, 10:13 a.m.
  • Length: 18:27

All games in this series

Show
View Real Time Build Order
Export as new Build Order

Dark Zerg - Winner!

Build Orders: Hatch First 

Get SALT Encoding   

  12  0:00  Drone  
  13  0:12  Overlord  
  13  0:16  Drone  
  14  0:31  Drone x2  
  16  0:37  Drone  
  17  0:48  Drone  
  18  0:55  Hatchery  
  17  0:59  Drone  
  17  1:02  Extractor  
  17  1:14  Spawning Pool  
  17  1:15  Drone  
  18  1:18  Drone  
  18  1:28  Drone  
  19  1:40  Drone  
  20  1:48  Hatchery  
  20  1:52  Drone  
  21  2:01  Zergling x2  
  21  2:03  Metabolic Boost  
  21  2:08  Queen  
  21  2:12  Drone  
  21  2:14  Drone  
  25  2:21  Overlord  
  25  2:25  Drone  
  26  2:31  Drone  
  27  2:40  Queen  
  27  2:41  Drone x2  
  31  2:47  Queen  
  33  2:54  Overlord  
  33  2:55  Drone  
  33  2:58  Drone  
  35  3:04  Queen  
  37  3:10  Drone, Overlord  
  37  3:11  Drone  
  39  3:13  Drone  
  39  3:17  Drone x2  
  42  3:23  Drone x2  
  44  3:28  Drone  
  44  3:32  Evolution Chamber  
  44  3:33  Overlord  
  44  3:34  Zergling x2  
  45  3:40  Queen  
  48  3:41  Zergling x2  
  48  3:44  Zergling x2  
  48  3:45  Overlord  
  48  3:48  Drone  
  50  3:50  Spore Crawler  
  50  3:52  Spore Crawler, Drone  
  50  3:53  Drone  
  50  3:55  Drone  
  51  3:57  Drone x2  
  51  4:01  Zerg Melee Weapons Level 1  
  53  4:03  Drone  
  53  4:05  Drone  
  53  4:06  Drone  
  53  4:09  Drone x2  
  58  4:13  Extractor  
  58  4:16  Drone x3  
  58  4:17  Drone  
  59  4:24  Drone x3  
  59  4:27  Baneling Nest  
  59  4:29  Queen  
  63  4:33  Drone x2  
  63  4:34  Overlord  
  65  4:40  Overlord  
  65  4:44  Overlord  
  65  4:52  Queen x2, Overlord  
  69  4:53  Drone  
  69  4:54  Drone x2  
  69  4:55  Drone  
  69  4:59  Drone  
  74  5:01  Drone x2  
  76  5:09  Hatchery  
  76  5:11  Queen  
  77  5:15  Zergling x8  
  77  5:16  Zergling x2  
  77  5:17  Zergling x2  
  77  5:19  Zergling x2  
  84  5:23  Zergling x8  
  84  5:27  Zergling x4  
  90  5:32  Queen x2  
  90  5:35  Zergling x6  
  97  5:39  Zergling x2  
  98  5:44  Overlord  
  98  5:49  Overlord  
  97  5:55  Baneling x8  
  97  5:56  Overlord  
  97  6:01  Queen  
  97  6:03  Zergling x12  
  105  6:05  Overlord  
  105  6:07  Overlord  
  105  6:09  Baneling x14  
  105  6:11  Zergling x2  
  105  6:12  Zergling x4  
  105  6:16  Zergling x4  
  109  6:20  Baneling x2  
  105  6:27  Zergling x6  
  105  6:28  Zergling x10  
  105  6:29  Queen  
  113  6:36  Zergling x8  
  113  6:38  Lair  
  117  6:44  Spore Crawler, Queen x2  
  117  6:53  Overlord  
  111  6:55  Drone x6  
  111  6:56  Drone  
  118  7:02  Drone  
  118  7:03  Zerg Ground Armor Level 1  
  118  7:04  Queen  
  118  7:06  Evolution Chamber  
  118  7:07  Drone x2  
  122  7:10  Drone x3  
  122  7:12  Drone  
  122  7:15  Extractor x2  
  124  7:16  Drone x2  
  124  7:17  Extractor  
  124  7:18  Drone  
  124  7:19  Drone  
  124  7:20  Queen, Drone x2  
  131  7:24  Drone  
  131  7:25  Drone  
  131  7:26  Drone  
  134  7:32  Drone x2  
  135  7:38  Overlord  
  135  7:41  Zergling x4  
  135  7:48  Queen  
  135  7:49  Zerg Melee Weapons Level 2, Infestation Pit  
  131  7:53  Zergling x12  
  131  7:55  Queen  
  131  7:56  Queen  
  131  7:57  Zergling x8  
  142  8:01  Drone  
  142  8:02  Drone  
  142  8:04  Overlord  
  142  8:05  Extractor  
  143  8:08  Drone  
  143  8:11  Evolution Chamber, Overlord  
  143  8:17  Overlord  
  142  8:20  Overlord x2  
  142  8:24  Overlord  
  142  8:25  Drone x2  
  131  8:38  Zerg Missile Weapons Level 1  
  131  8:40  Hive  
  121  8:41  Pathogen Glands  
  121  8:42  Zergling x20  
  121  8:48  Drone x3  
  134  8:57  Extractor x2  
  134  8:58  Zergling x8  
  136  9:04  Drone x2  
  136  9:06  Drone x3  
  136  9:07  Drone x2  
  136  9:09  Drone x2  
  145  9:10  Zergling x6, Drone  
  145  9:16  Zergling x6  
  151  9:17  Hatchery  
  151  9:20  Zergling x4  
  152  9:24  Zergling x4  
  152  9:28  Drone  
  152  9:31  Zergling x6  
  149  9:32  Drone  
  149  9:36  Drone x2  
  149  9:37  Hatchery  
  144  9:49  Zergling x14  
  144  9:52  Zerg Ground Armor Level 2  
  148  9:54  Adrenal Glands  
  148  9:55  Viper  
  147  10:01  Viper x3  
  147  10:02  Ultralisk Cavern  
  147  10:05  Drone x2  
  147  10:06  Drone x3  
  160  10:09  Baneling  
  160  10:10  Baneling x3  
  160  10:13  Overlord  
  160  10:15  Drone x2  
  160  10:21  Zerg Melee Weapons Level 3  
  162  10:22  Zergling x2  
  162  10:23  Zergling x4  
  164  10:31  Drone  
  164  10:32  Drone x4  
  164  10:33  Spore Crawler  
  168  10:36  Zerg Missile Weapons Level 2  
  168  10:41  Extractor, Drone x3  
  168  10:42  Drone x2  
  172  10:44  Extractor  
  172  10:49  Chitinous Plating  
  171  10:52  Baneling x10  
  171  10:53  Baneling  
  171  10:57  Zergling x2  
  171  10:58  Zergling x10  
  165  11:12  Zergling x18  
  165  11:13  Zergling x2  
  168  11:25  Zergling x24  
  163  11:26  Zergling x6  
  170  11:35  Ultralisk  
  170  11:38  Ultralisk  
  181  11:41  Drone x2  
  181  11:47  Centrifical Hooks  
  181  11:49  Drone x2  
  181  11:50  Drone x2  
  181  11:51  Drone x2  
  187  11:58  Ultralisk  
  193  12:03  Baneling x8  
  193  12:09  Anabolic Synthesis, Overlord  
  193  12:18  Hatchery  
  193  12:20  Zerg Ground Armor Level 3  
  192  12:24  Ultralisk  
  192  12:26  Overlord  
  198  12:30  Drone x2  
  195  12:43  Ultralisk x3  
  199  12:49  Spore Crawler, Drone x3  
  199  12:50  Spore Crawler  
  193  12:57  Zerg Missile Weapons Level 3  
  193  12:59  Infestor  
  193  13:02  Burrow  
  194  13:08  Infestor  
  192  13:23  Infestor x3  
  198  13:27  Spore Crawler x3  
  198  13:31  Neural Parasite  
  198  13:32  Drone x3  
  198  13:33  Drone  
  199  14:01  Ultralisk  
  191  14:17  Queen x2  
  191  14:18  Queen  
  191  14:23  Ultralisk  
  194  14:25  Zergling x10  
  199  14:35  Viper  
  190  14:53  Queen x2  
  187  15:05  Ultralisk x2  
  185  15:07  Zergling x18  
  185  15:11  Hatchery  
  185  15:13  Hatchery  
  182  15:22  Ultralisk x3  
  194  15:29  Infestor x3  
  197  15:48  Infestor  
  199  15:59  Spore Crawler x3  
  199  16:00  Spore Crawler x2  
  174  16:13  Drone x7  
  181  16:22  Infestor x8  
  181  16:23  Infestor x2  
  195  16:28  Queen, Infestor x2  
  195  16:29  Infestor x2, Hatchery  
  195  16:31  Infestor  
  197  16:36  Hatchery  
  196  16:45  Queen x2  
  196  16:58  Ultralisk  
  196  16:59  Ultralisk  
  196  17:08  Queen  
  182  17:09  Infestor x5  
  184  17:18  Zergling x8  
  184  17:20  Queen x2  
  186  17:24  Infestor x3  
  186  17:26  Zergling x14  
  193  17:34  Infestor  
  191  17:37  Zergling x4  
  191  17:41  Zergling x2  
  191  17:43  Infestor  
  191  17:44  Queen, Infestor  
Show
View Real Time Build Order
Export as new Build Order

MaxPax Protoss 

Build Orders: 1 Gate Expand, Oracle Opening, Carriers 

Get SALT Encoding   

  12  0:00  Probe  
  13  0:12  Probe  
  14  0:19  Pylon  
  14  0:24  Probe  
  15  0:37  Probe (Chrono Boost)  
  15  0:39  Gateway  
  16  0:49  Assimilator, Probe (Chrono Boost)  
  17  0:54  Probe (Chrono Boost)  
  18  1:03  Probe  
  19  1:15  Probe  
  20  1:30  Nexus  
  20  1:37  Cybernetics Core  
  20  1:40  Probe  
  20  1:46  Assimilator  
  21  1:52  Probe  
  22  1:56  Pylon  
  22  2:04  Probe (Chrono Boost)  
  23  2:14  Adept  
  25  2:16  Probe (Chrono Boost)  
  25  2:19  Stargate  
  26  2:24  Probe (Chrono Boost)  
  26  2:28  Warp Gate  
  27  2:30  Probe  
  28  2:42  Probe (Chrono Boost)  
  30  2:44  Adept  
  30  2:48  Probe (Chrono Boost)  
  33  2:52  Probe (Chrono Boost)  
  33  2:53  Void Ray (Chrono Boost)  
  33  2:56  Probe (Chrono Boost)  
  33  2:57  Probe (Chrono Boost)  
  39  3:07  Pylon, Probe  
  39  3:08  Probe  
  41  3:17  Gateway  
  41  3:19  Probe  
  42  3:21  Probe  
  42  3:26  Oracle (Chrono Boost)  
  43  3:31  Probe  
  43  3:33  Probe  
  48  3:43  Probe  
  48  3:45  Probe  
  48  3:47  Nexus  
  50  3:54  Pylon  
  50  3:56  Probe  
  50  3:57  Assimilator  
  50  3:59  Assimilator  
  52  4:02  Probe  
  52  4:04  Void Ray (Chrono Boost)  
  52  4:13  Pylon  
  52  4:16  Probe  
  57  4:19  Probe  
  58  4:28  Probe  
  58  4:29  Protoss Air Weapons Level 1  
  58  4:31  Probe  
  60  4:32  Forge  
  60  4:34  Pylon  
  60  4:40  Probe  
  60  4:43  Probe  
  60  4:44  Stargate  
  62  4:46  Robotics Facility  
  62  4:51  Void Ray (Chrono Boost)  
  62  4:52  Probe  
  63  4:55  Probe  
  64  5:01  Pylon  
  64  5:02  Probe  
  64  5:04  Probe  
  70  5:07  Probe  
  70  5:10  Shield Battery  
  71  5:14  Probe (Chrono Boost)  
  71  5:19  Probe (Chrono Boost)  
  71  5:20  Assimilator x2, Probe (Chrono Boost)  
  74  5:21  Void Ray  
  74  5:26  Probe (Chrono Boost)  
  74  5:27  Void Ray  
  80  5:30  Probe (Chrono Boost)  
  80  5:32  Probe x2 (Chrono Boost)  
  80  5:35  Probe (Chrono Boost)  
  86  5:40  Probe x2  
  89  5:45  Probe  
  90  5:52  Probe x2  
  90  5:53  Robotics Bay  
  92  5:57  Pylon  
  92  5:58  Photon Cannon, Void Ray, Probe  
  93  6:04  Probe  
  93  6:06  Pylon  
  93  6:08  Shield Battery  
  93  6:09  Shield Battery, Adept  
  100  6:12  Pylon  
  96  6:33  Pylon  
  96  6:35  Void Ray  
  96  6:37  Photon Cannon  
  96  6:39  Shield Battery, Photon Cannon  
  96  6:45  Sentry  
  98  6:47  Pylon  
  98  6:59  Pylon  
  98  7:02  Disruptor (Chrono Boost)  
  98  7:05  Pylon  
  98  7:07  Fleet Beacon  
  101  7:11  Void Ray  
  100  7:18  Void Ray  
  104  7:23  Sentry  
  109  7:52  Void Ray  
  113  8:04  Nexus  
  113  8:05  Pylon  
  113  8:08  Zealot x2  
  113  8:10  Twilight Council  
  117  8:14  Gateway  
  117  8:15  Gateway  
  117  8:18  Probe  
  118  8:21  Gateway  
  118  8:25  Gateway  
  118  8:28  Pylon  
  112  8:38  Nexus  
  112  8:40  Zealot  
  114  8:41  Zealot  
  114  8:43  Carrier (Chrono Boost)  
  114  8:47  Disruptor  
  114  8:48  Pylon x2  
  131  8:53  Photon Cannon, Carrier (Chrono Boost)  
  131  8:54  Photon Cannon  
  131  8:55  Flux Vanes  
  131  8:57  Shield Battery  
  131  9:01  Probe x2  
  133  9:08  Charge  
  133  9:15  Protoss Ground Weapons Level 1 (Chrono Boost)  
  121  9:36  Zealot x3  
  127  9:41  Templar Archives  
  127  9:42  Assimilator x2  
  127  9:51  Carrier (Chrono Boost)  
  133  10:07  Gateway  
  133  10:25  Pylon  
  133  10:27  Pylon  
  133  10:28  Carrier (Chrono Boost)  
  139  10:30  Protoss Air Weapons Level 2  
  139  10:31  Observer  
  139  10:33  Zealot x4  
  139  10:34  Zealot x2  
  152  10:49  Pylon  
  126  11:28  Disruptor  
  126  11:31  Zealot  
  118  11:33  Carrier (Chrono Boost)  
  118  11:34  Psionic Storm  
  122  11:40  Zealot x2  
  122  11:42  High Templar x3  
  122  11:43  High Templar  
  134  11:48  Photon Cannon  
  134  11:52  Nexus  
  134  11:54  Photon Cannon  
  134  11:55  Photon Cannon  
  134  11:57  Shield Battery  
  134  12:00  Photon Cannon, Carrier (Chrono Boost)  
  140  12:03  Pylon  
  140  12:19  High Templar x2  
  140  12:20  Zealot x4  
  150  12:24  Archon  
  156  12:34  Carrier (Chrono Boost)  
  156  12:41  Zealot x4  
  162  12:55  Nexus  
  162  13:02  High Templar x2  
  162  13:06  Zealot x2  
  162  13:07  Archon  
  162  13:08  High Templar x2  
  170  13:13  Archon  
  170  13:17  Assimilator  
  170  13:19  Assimilator  
  156  13:27  High Templar x2, Zealot  
  156  13:32  Gateway, Archon  
  162  13:34  Protoss Ground Weapons Level 2 (Chrono Boost)  
  160  13:53  Carrier (Chrono Boost)  
  155  14:16  Carrier (Chrono Boost)  
  129  14:24  Zealot x6  
  122  14:46  Stargate  
  117  14:57  Zealot x7  
  127  15:07  Void Ray (Chrono Boost)  
  113  15:10  Zealot  
  107  15:19  Void Ray (Chrono Boost)  
  98  15:37  Void Ray (Chrono Boost)  
  102  16:02  Disruptor (Chrono Boost)  
  100  16:07  Void Ray  
  90  16:48  Stalker  
Tags
 
Add a new tag
Caveats
  • Supply blocks, unpowered buildings, or Contaminate may cause inaccurate times.
  • Supply counts are checked every 10 seconds.